General information
- name: BNet
- type: Ladder team game (AT/RT)
- host: Battle.net
- saver: Disconnect
map: DragonFalls
- players: 8
- length: 21:59
- speed: Fast
- version: 1.26 W3XP
- replay type: Public
» download(179 KB)
Players
team 1 (winner)
frost124 (
teal | 45 APM | 995 actions | 21:58)
5 Blademaster
2 Wind Walk
3 Critical Strike
4 Tauren Chieftain
2 Endurance Aura
2 Shockwave
» actions
| Assign group hotkey | 15 | |
| Basic commands | 1 | |
| Build / train | 58 | |
| Enter build submenu | 16 | |
| Enter hero's abilities submenu | 9 | |
| Give item / drop item | 2 | |
| Remove unit from queue | 1 | |
| Right click | 490 | |
| Select / deselect | 255 | |
| Select group hotkey | 101 | |
| Use ability | 47 | |
995 total
» units
| Peon | 13 | |
| Wind Rider | 17 | |
| Troll Batrider | 3 | |
33 total
» upgrades
| Ranged Weapons | 2 | |
| Armor | 2 | |
| Envenomed Spears | 1 | |
5 total
» buildings
| Altar of Storms | 1 | |
| Orc Burrow | 6 | |
| Voodoo Lounge | 1 | |
| War Mill | 1 | |
| Stronghold | 1 | |
| Watch Tower | 4 | |
| Fortress | 1 | |
| Beastiary | 2 | |
| Great Hall | 1 | |
18 total
» build order
00:05 Altar of Storms
00:08 Orc Burrow
00:51 Voodoo Lounge
01:04 War Mill
02:34 Stronghold
02:54 Orc Burrow
03:10 Watch Tower
03:13 Watch Tower
03:22 Watch Tower
04:43 Orc Burrow
05:06 Fortress
05:08 Beastiary
05:11 Beastiary
05:50 Orc Burrow
10:29 Watch Tower
13:16 Orc Burrow
13:18 Orc Burrow
17:04 Great Hall
» items
| Healing Salve | 2 | |
| Lesser Clarity Potion | 2 | |
| Scroll of Town Portal | 2 | |
6 total
Disconnect (
yellow | 82 APM | 1805 actions | 21:59)
6 Blood Mage
3 Flame Strike
2 Siphon Mana
1 Summon Phoenix
» actions
| Assign group hotkey | 226 | |
| Basic commands | 4 | |
| Build / train | 104 | |
| Enter build submenu | 44 | |
| Enter hero's abilities submenu | 6 | |
| Give item / drop item | 2 | |
| Remove unit from queue | 2 | |
| Right click | 678 | |
| Select / deselect | 382 | |
| Select group hotkey | 233 | |
| Use ability | 124 | |
1805 total
» units
| Peasant | 16 | |
| Footman | 17 | |
| Goblin Shredder | 3 | |
| Sorceress | 4 | |
| Flying Machine | 6 | |
| Green Dragon | 1 | |
47 total
» upgrades
| Masonry | 3 | |
| Lumber Harvesting | 1 | |
| Sorceress Training | 1 | |
| Magic Sentry | 2 | |
| Flak Cannons | 1 | |
| Gunpowder | 3 | |
| Plating | 3 | |
| Flying Machine Bombs | 1 | |
15 total
» buildings
| Altar of Kings | 1 | |
| Barracks | 1 | |
| Farm | 5 | |
| Arcane Vault | 1 | |
| Keep | 1 | |
| Town Hall | 3 | |
| Lumber Mill | 1 | |
| Scout Tower | 36 | |
| Arcane Sanctum | 1 | |
| Guard Tower | 8 | |
| Blacksmith | 2 | |
| Castle | 1 | |
| Workshop | 2 | |
63 total
» build order
00:38 Altar of Kings
00:51 Barracks
01:05 Farm
01:07 Farm
01:08 Farm
01:46 Farm
03:17 Arcane Vault
03:50 Keep
04:20 Town Hall
04:43 Lumber Mill
06:11 Scout Tower
06:13 Scout Tower
06:14 Scout Tower
06:15 Scout Tower
06:18 Scout Tower
06:19 Scout Tower
06:19 Scout Tower
06:38 Arcane Sanctum
06:41 Scout Tower
06:41 Scout Tower
06:42 Scout Tower
06:58 Guard Tower
07:11 Guard Tower
08:16 Guard Tower
08:25 Scout Tower
08:25 Scout Tower
08:56 Farm
09:19 Guard Tower
09:43 Blacksmith
09:44 Blacksmith
10:23 Scout Tower
10:24 Scout Tower
10:24 Scout Tower
10:25 Scout Tower
10:26 Scout Tower
10:29 Castle
11:51 Guard Tower
12:23 Workshop
12:24 Workshop
14:35 Town Hall
14:39 Scout Tower
14:39 Scout Tower
14:40 Scout Tower
14:42 Scout Tower
14:43 Scout Tower
14:44 Scout Tower
14:45 Scout Tower
14:46 Scout Tower
14:46 Scout Tower
14:47 Scout Tower
14:47 Scout Tower
14:50 Scout Tower
16:47 Scout Tower
16:54 Scout Tower
16:55 Scout Tower
16:55 Scout Tower
16:56 Scout Tower
16:57 Scout Tower
17:29 Guard Tower
17:48 Guard Tower
17:54 Scout Tower
17:56 Town Hall
19:47 Guard Tower
» items
| Scroll of Regeneration | 5 | |
| Lesser Clarity Potion | 4 | |
| Potion of Mana | 4 | |
| Potion of Invisibility | 1 | |
| Staff of Teleportation | 1 | |
| Periapt of Vitality | 1 | |
| Potion of Healing | 3 | |
| Scroll of Town Portal | 2 | |
21 total

»
markoofellow (
green | 71 APM | 1552 actions | 21:58)
7 Mountain King
3 Storm Bolt
3 Bash
1 Avatar
» actions
| Assign group hotkey | 50 | |
| Basic commands | 190 | |
| Build / train | 70 | |
| ESC pressed | 7 | |
| Enter build submenu | 31 | |
| Enter hero's abilities submenu | 7 | |
| Give item / drop item | 1 | |
| Right click | 313 | |
| Select / deselect | 234 | |
| Select group hotkey | 576 | |
| Use ability | 73 | |
1552 total
» units
| Peasant | 9 | |
| Footman | 2 | |
| Rifleman | 7 | |
| Mortar Team | 2 | |
| Siege Engine | 10 | |
| Knight | 1 | |
31 total
» upgrades
| Gunpowder | 3 | |
| Armor | 2 | |
| Long Rifles | 1 | |
| Plating | 3 | |
| Barrage | 1 | |
10 total
» buildings
| Altar of Kings | 1 | |
| Farm | 15 | |
| Barracks | 1 | |
| Lumber Mill | 1 | |
| Blacksmith | 1 | |
| Arcane Vault | 1 | |
| Keep | 1 | |
| Castle | 4 | |
| Workshop | 2 | |
27 total
» build order
00:05 Altar of Kings
00:06 Farm
00:45 Barracks
01:15 Farm
01:52 Lumber Mill
01:59 Blacksmith
02:43 Arcane Vault
02:56 Farm
03:09 Farm
03:31 Keep
03:46 Farm
04:38 Farm
04:47 Farm
06:12 Castle
06:12 Castle
06:13 Castle
06:45 Workshop
06:49 Workshop
08:00 Farm
09:08 Farm
12:46 Farm
12:47 Farm
15:46 Farm
16:05 Farm
16:07 Farm
19:26 Farm
» items
| Scroll of Regeneration | 5 | |
| Lesser Clarity Potion | 5 | |
| Potion of Healing | 2 | |
| Scroll of Town Portal | 3 | |
| Orb of Fire | 1 | |
16 total
Stoopid (
purple | 84 APM | 1847 actions | 21:58)
7 Tauren Chieftain
3 War Stomp
3 Endurance Aura
1 Reincarnation
» actions
| Assign group hotkey | 145 | |
| Basic commands | 48 | |
| Build / train | 78 | |
| ESC pressed | 5 | |
| Enter build submenu | 24 | |
| Enter hero's abilities submenu | 7 | |
| Give item / drop item | 3 | |
| Remove unit from queue | 1 | |
| Right click | 642 | |
| Select / deselect | 373 | |
| Select group hotkey | 343 | |
| Use ability | 178 | |
1847 total
» units
| Peon | 15 | |
| Grunt | 6 | |
| Shaman | 15 | |
| Goblin Shredder | 1 | |
| Troll Witch Doctor | 6 | |
| Spirit Walker | 3 | |
46 total
» upgrades
| Shaman Training | 2 | |
| Witch Doctor Training | 2 | |
| Troll Regeneration | 1 | |
| Reinforced Defenses | 1 | |
| Armor | 1 | |
| Spirit Walker Training | 2 | |
9 total
» buildings
| Orc Burrow | 8 | |
| Barracks | 1 | |
| Altar of Storms | 1 | |
| Voodoo Lounge | 1 | |
| Great Hall | 1 | |
| Stronghold | 1 | |
| War Mill | 1 | |
| Fortress | 1 | |
| Spirit Lodge | 3 | |
| Watch Tower | 6 | |
24 total
» build order
00:19 Orc Burrow
00:39 Barracks
00:50 Orc Burrow
01:19 Altar of Storms
02:16 Orc Burrow
02:59 Voodoo Lounge
04:14 Great Hall
04:50 Stronghold
05:18 War Mill
06:41 Orc Burrow
07:15 Fortress
07:18 Spirit Lodge
07:18 Spirit Lodge
07:23 Spirit Lodge
10:20 Orc Burrow
10:20 Orc Burrow
12:18 Orc Burrow
12:18 Orc Burrow
14:21 Watch Tower
14:21 Watch Tower
14:22 Watch Tower
14:23 Watch Tower
14:25 Watch Tower
14:26 Watch Tower
» items
| Healing Salve | 5 | |
| Lesser Clarity Potion | 3 | |
| Circlet of Nobility | 2 | |
| Scroll of Town Portal | 2 | |
12 total
team 2 (loser)
HaPPyFrOZeNGuY (
orange | 56 APM | 1214 actions | 21:36)
5 Death Knight
3 Death Coil
2 Unholy Aura
» actions
| Assign group hotkey | 19 | |
| Build / train | 59 | |
| Enter build submenu | 11 | |
| Enter hero's abilities submenu | 5 | |
| Give item / drop item | 1 | |
| Right click | 728 | |
| Select / deselect | 215 | |
| Select group hotkey | 118 | |
| Use ability | 58 | |
1214 total
» units
| Acolyte | 19 | |
| Ghoul | 2 | |
| Crypt Fiend | 10 | |
31 total
» upgrades
» buildings
| Graveyard | 1 | |
| Crypt | 1 | |
| Ziggurat | 6 | |
| Altar of Darkness | 1 | |
| Tomb of Relics | 1 | |
| Nerubian Tower | 1 | |
| Halls of the Dead | 1 | |
| Spirit Tower | 9 | |
| Black Citadel | 1 | |
22 total
» build order
00:09 Graveyard
00:11 Crypt
00:29 Ziggurat
01:00 Altar of Darkness
01:47 Tomb of Relics
02:25 Ziggurat
02:36 Nerubian Tower
04:37 Halls of the Dead
05:36 Ziggurat
05:37 Ziggurat
06:57 Spirit Tower
06:58 Spirit Tower
07:01 Ziggurat
07:22 Black Citadel
09:16 Ziggurat
09:18 Spirit Tower
09:21 Spirit Tower
09:21 Spirit Tower
09:22 Spirit Tower
» items
| Rod of Necromancy | 2 | |
| Dust of Appearance | 2 | |
| Scroll of Town Portal | 4 | |
| Potion of Healing | 1 | |
9 total

»
eP.FeRRo (
red | 83 APM | 1827 actions | 21:57)
4 Dreadlord
2 Vampiric Aura
2 Sleep
3 Death Knight
2 Death Coil
1 Unholy Aura
» actions
| Assign group hotkey | 42 | |
| Basic commands | 143 | |
| Build / train | 143 | |
| ESC pressed | 6 | |
| Enter build submenu | 14 | |
| Enter hero's abilities submenu | 7 | |
| Remove unit from queue | 4 | |
| Right click | 455 | |
| Select / deselect | 276 | |
| Select group hotkey | 666 | |
| Use ability | 71 | |
1827 total
» units
| Acolyte | 10 | |
| Ghoul | 17 | |
| Gargoyle | 40 | |
| Crypt Fiend | 11 | |
78 total
» upgrades
| Cannibalize | 1 | |
| Creature Attack | 3 | |
| Creature Carapace | 3 | |
| Web | 1 | |
8 total
» buildings
| Altar of Darkness | 1 | |
| Ziggurat | 8 | |
| Crypt | 2 | |
| Graveyard | 1 | |
| Halls of the Dead | 6 | |
| Nerubian Tower | 1 | |
| Spirit Tower | 8 | |
| Black Citadel | 5 | |
| Sacrificial Pit | 1 | |
| Tomb of Relics | 1 | |
34 total
» build order
00:25 Altar of Darkness
00:28 Ziggurat
00:47 Crypt
01:08 Ziggurat
01:57 Crypt
02:24 Graveyard
03:11 Halls of the Dead
03:11 Halls of the Dead
03:11 Halls of the Dead
03:11 Halls of the Dead
04:08 Ziggurat
04:09 Ziggurat
05:25 Ziggurat
08:56 Ziggurat
08:58 Ziggurat
09:00 Ziggurat
09:16 Nerubian Tower
09:18 Spirit Tower
09:18 Spirit Tower
11:19 Black Citadel
11:20 Black Citadel
11:20 Black Citadel
13:18 Spirit Tower
13:18 Spirit Tower
13:18 Spirit Tower
17:10 Sacrificial Pit
17:43 Tomb of Relics
crazylegs2021 (
pink | 44 APM | 899 actions | 20:38)
3 Dreadlord
2 Vampiric Aura
1 Sleep
3 Death Knight
1 Death Coil
2 Unholy Aura
» actions
| Assign group hotkey | 7 | |
| Build / train | 62 | |
| Enter build submenu | 17 | |
| Enter hero's abilities submenu | 6 | |
| Remove unit from queue | 1 | |
| Right click | 286 | |
| Select / deselect | 429 | |
| Select group hotkey | 43 | |
| Use ability | 48 | |
899 total
» units
| Acolyte | 3 | |
| Ghoul | 11 | |
| Necromancer | 14 | |
| Meatwagon | 3 | |
| Obsidian Statue | 5 | |
| Gargoyle | 1 | |
37 total
» upgrades
| Cannibalize | 1 | |
| Unholy Strength | 2 | |
| Unholy Armor | 1 | |
| Necromancer Training | 2 | |
| Skeletal Longevity | 1 | |
| Skeletal Mastery | 1 | |
| Exhume Corpses | 1 | |
| Disease Cloud | 1 | |
10 total
» buildings
| Crypt | 1 | |
| Graveyard | 1 | |
| Ziggurat | 7 | |
| Altar of Darkness | 1 | |
| Halls of the Dead | 1 | |
| Nerubian Tower | 1 | |
| Black Citadel | 1 | |
| Temple of the Damned | 2 | |
| Slaughterhouse | 1 | |
| Spirit Tower | 2 | |
| Tomb of Relics | 1 | |
19 total
» build order
00:17 Crypt
00:24 Graveyard
00:51 Ziggurat
02:01 Altar of Darkness
02:39 Ziggurat
02:45 Ziggurat
03:07 Halls of the Dead
03:51 Ziggurat
03:54 Nerubian Tower
05:30 Black Citadel
05:41 Temple of the Damned
06:52 Slaughterhouse
07:03 Spirit Tower
07:36 Temple of the Damned
09:17 Spirit Tower
10:05 Tomb of Relics
11:32 Ziggurat
12:17 Ziggurat
12:23 Ziggurat
» items

»
reggie2 (
blue | 57 APM | 1246 actions | 21:40)
3 Dreadlord
2 Sleep
1 Vampiric Aura
2 Death Knight
1 Death Coil
1 Unholy Aura
1 Lich
1 Frost Nova
» actions
| Assign group hotkey | 20 | |
| Basic commands | 97 | |
| Build / train | 74 | |
| Enter build submenu | 34 | |
| Enter hero's abilities submenu | 6 | |
| Right click | 356 | |
| Select / deselect | 266 | |
| Select group hotkey | 324 | |
| Use ability | 69 | |
1246 total
» units
| Acolyte | 30 | |
| Ghoul | 6 | |
| Frost Wyrm | 3 | |
| Crypt Fiend | 1 | |
40 total
» upgrades
| Creature Attack | 1 | |
| Freezing Breath | 1 | |
| Web | 1 | |
3 total
» buildings
| Crypt | 1 | |
| Altar of Darkness | 1 | |
| Ziggurat | 17 | |
| Tomb of Relics | 1 | |
| Nerubian Tower | 6 | |
| Halls of the Dead | 1 | |
| Graveyard | 1 | |
| Necropolis | 1 | |
| Spirit Tower | 9 | |
| Black Citadel | 1 | |
| Sacrificial Pit | 1 | |
| Boneyard | 4 | |
| Slaughterhouse | 1 | |
45 total
» build order
00:19 Crypt
00:29 Altar of Darkness
00:40 Ziggurat
01:07 Tomb of Relics
01:17 Ziggurat
01:49 Nerubian Tower
03:52 Halls of the Dead
04:55 Ziggurat
04:56 Ziggurat
04:59 Ziggurat
05:31 Graveyard
05:42 Necropolis
05:49 Nerubian Tower
05:50 Nerubian Tower
05:50 Nerubian Tower
07:27 Spirit Tower
07:31 Black Citadel
07:34 Ziggurat
07:39 Ziggurat
07:47 Sacrificial Pit
08:04 Spirit Tower
08:48 Spirit Tower
08:50 Ziggurat
09:02 Spirit Tower
09:14 Nerubian Tower
09:16 Ziggurat
09:21 Ziggurat
09:29 Ziggurat
10:20 Boneyard
11:02 Boneyard
11:03 Spirit Tower
11:12 Ziggurat
11:27 Spirit Tower
12:20 Boneyard
12:25 Ziggurat
12:26 Ziggurat
12:29 Spirit Tower
12:42 Ziggurat
12:53 Boneyard
13:20 Spirit Tower
14:53 Slaughterhouse
18:37 Ziggurat
18:41 Spirit Tower
18:55 Ziggurat
» items
| Sacrificial Skull | 1 | |
| Rod of Necromancy | 1 | |
| Dust of Appearance | 2 | |
| Orb of Corruption | 1 | |
5 total
Chat log
(00:07 / All) Disconnect: REGGIE MILLER IN THE HOUSE YA'LL
(00:15 / All) Disconnect: REGGIE
(00:16 / All) Disconnect: REGGIE
(00:18 / All) Disconnect: REGGIE!
(00:23 / Allies) frost124: lol
(00:28 / Allies) frost124: so lets kill him now
(04:47 / Allies) frost124: killed oranges hero lol
(10:15 / Allies) frost124: nice
(11:08 / All) eP.FeRRo: love grunts
(11:35 / Allies) markoofellow: we need to hit
(11:41 / Allies) markoofellow: i got tanks for decoy
(12:24 / Allies) markoofellow: purp get other units than shams
(12:45 / Allies) frost124: ty
(12:52 / Allies) frost124: hit nes
(12:56 / Allies) markoofellow: hit main
(13:51 / Allies) markoofellow: go hit
(13:52 / Allies) markoofellow: wth
(14:36 / Allies) markoofellow: go again purp
(15:23 / Allies) frost124: kill pink
(15:40 / Allies) markoofellow: hit
(15:54 / All) Disconnect: nice orange
(15:55 / Allies) frost124: ylelow use your gold man
(16:01 / Allies) markoofellow: or give me
(16:10 / Allies) frost124: u kileld his gold ylellwo
(16:13 / Allies) frost124: ty
(16:13 / Allies) markoofellow: main quick
(17:09 / Allies) frost124: get units ylellow
(17:29 / Allies) markoofellow: meet
(17:32 / Allies) markoofellow: they wi.ll come
(18:07 / Allies) markoofellow: tp ow
(18:43 / Allies) frost124: nice
(19:03 / Allies) markoofellow: gogogo
(20:12 / All) HaPPyFrOZeNGuY: im convinced yellow hacks
(20:16 / All) Disconnect: lol
(20:18 / Allies) frost124: kuill maimn
(20:23 / All) reggie2: nah nice sorcs all over
(20:27 / All) frost124: yellow fucked u guys up lol
(20:32 / All) frost124: |
(20:34 / All) HaPPyFrOZeNGuY: not even fair
(20:35 / All) frost124: he had no units
(20:37 / All) HaPPyFrOZeNGuY: i dont understand
(20:37 / All) HaPPyFrOZeNGuY: how
(20:41 / All) HaPPyFrOZeNGuY: the flame
(20:44 / All) HaPPyFrOZeNGuY: can kill all 5
(20:46 / All) HaPPyFrOZeNGuY: at lvl 1
(20:58 / All) Disconnect: it is hack
(21:02 / All) HaPPyFrOZeNGuY: it doesnt do 220 dmg
(21:03 / All) Disconnect: skill ha ck
(21:19 / All) HaPPyFrOZeNGuY: fuck you what is it
(21:26 / All) HaPPyFrOZeNGuY: how does that work
(21:31 / All) Disconnect: magnets how do they work